 Dungeon Crawl Stone Soup version 0.30.1-5-ged363bc7ee (webtiles) character file.

Game seed: 6832615913000881234

53 booth the Grasshopper (level 3, -1/28 HPs)
             Began as a Barachi Warper on Sept 19, 2023.
             Killed by nerve-wracking pain
             ... invoked by Jessica
              (10 damage)
             ... on level 2 of the Dungeon.
             The game lasted 00:13:04 (1474 turns).

booth the Grasshopper (Barachi Warper)              Turns: 1474, Time: 00:13:05

Health: -1/28      AC:  3    Str:  9 (12) XL:     3   Next: 87%
Magic:  6/6        EV: 11    Int: 17 (19) God:
Gold:   69         SH:  0    Dex: 11 (13) Spells: 0/6 levels left

rFire   . . .        a - +0 falchion
rCold   . . .        (no shield)
rNeg    . . .        b - +0 leather armour
rPois   .            (no helmet)
rElec   .            (no cloak)
rCorr   .            (no gloves)
SInv    .            (no boots)
Will    .....        (no amulet)
Stlth   +            n - +4 ring of slaying
HPRegen 0.24/turn    j - +6 ring of intelligence
MPRegen 0.10/turn

%: no passive effects
@: unable to hop, slowed, very slow
A: amphibious, slowness 1, strong legs 1, +LOS
a: Hop


You were on level 2 of the Dungeon.
You visited 1 branch of the dungeon, and saw 2 of its levels.

You collected 69 gold pieces.

Inventory:

Hand Weapons
 a - a +0 falchion (weapon)
Missiles
 d - 7 boomerangs of dispersal
 l - 3 boomerangs (quivered)
Armour
 b - a +0 leather armour (worn)
 f - a +0 ring mail
Jewellery
 j - a +6 ring of intelligence (right hand)
 n - a +4 ring of slaying (left hand)
Scrolls
 c - 2 scrolls of blinking
 k - a scroll of teleportation
Potions
 e - a potion of curing
 g - a potion of magic {unknown}
 h - a potion of cancellation
 i - a potion of haste {unknown}


   Skills:
 + Level 2.7 Fighting
 + Level 2.8 Long Blades
 + Level 1.4 Throwing
 + Level 1.9 Armour
 + Level 2.5 Dodging
 + Level 2.4 Spellcasting
 * Level 3.9 Translocations


You couldn't memorise any spells.
You knew the following spells:

 Your Spells              Type           Power      Damage    Failure   Level
a - Blink                 Tloc           30%        N/A       8%          2
b - Lesser Beckoning      Tloc           30%        N/A       8%          2
c - Searing Ray           Conj           4%         2d4       36%         2

Your spell library contained the following spells:

 Spells                   Type           Power      Damage    Failure   Level
 Teleport Other           Tloc           15%        N/A       16%         3
 Magic Dart               Conj           8%         1d3       26%         1
 Vhi's Electric Charge    Tloc/Air       16%        N/A       32%         3
 Manifold Assault         Tloc           15%        N/A       45%         4
 Fulminant Prism          Conj/Hex       1%         3d5       94%         4


Dungeon Overview and Level Annotations

Branches:
Dungeon (2/15)

Altars:

Shops:
D:1 !

Annotations:
D:2 Jessica


Innate Abilities, Weirdness & Mutations

You are amphibious.
You cover ground slowly.
You can hop short distances.
You have an extended range of vision and can be seen from far away.


Message History

Found a scroll of vulnerability.
k - a scroll of teleportation You see here a scroll of vulnerability.
Jessica the Apprentice Sorceress comes into view.
She is wielding a +0 club.
Unknown command.
Casting: Lesser Beckoning (safe; 8% risk of failure)
Confirm with . or Enter, or press ? or * to list all spells.
Okay, then.
Hop to where?
Press: ? - help, Dir - move target Boing!
Throw: 3 boomerangs
Press: ? - help, Q - select action, (/) - cycle Shift-Dir - straight line, f - Jessica
Aim: Jessica, wielding a +0 club and wearing a +0 robe (sparse dust, 62% to hit)
You throw a boomerang. The boomerang barely misses Jessica.
Throw: 3 boomerangs
Press: ? - help, Q - select action, (/) - cycle Shift-Dir - straight line, f/p - Jessica
Aim: Jessica, wielding a +0 club and wearing a +0 robe (62% to hit)
You throw a boomerang. The boomerang barely misses Jessica.
You closely miss Jessica. Jessica hits you but does no damage.
You barely miss Jessica. Jessica hits you with a +0 club.
You barely miss Jessica.
Jessica points at you and mumbles some strange words.
Pain shoots through your body!
Ouch! That really hurt!
You hit Jessica but do no damage.
Jessica grins evilly.
Jessica hits you with a +0 club.
* * * LOW HITPOINT WARNING * * *
Jessica says, "Why did you come here?" Jessica casts a spell at you.
You feel yourself slow down.
Throw: 3 boomerangs
Press: ? - help, Q - select action, (/) - cycle Shift-Dir - straight line, f/p - Jessica
Aim: Jessica, wielding a +0 club and wearing a +0 robe (62% to hit)
You throw a boomerang. The boomerang hits Jessica!
Jessica is almost dead.
Jessica gestures at you while chanting. Pain shoots through your body!
You die...

#.....#
#.##.# #.#
#..#.###
#......
.$##.# #.#
#.####
#.....##
####.#
#.###.######
###.### #.
#...........
#.#
#.##########
#.#
#.######.# .
#........# #
#######..# #
#@......# #
#@####.## #
#.# #.# #
#.# #.# #
#.# #.# ####
#....# #.#
...########
#.#### #.#
##........#
# #.# #
##.######.#
.# #


You could see Jessica.

Vanquished Creatures
  An adder (D:2)
  2 worms (D:2)
  4 ball pythons
  6 endoplasms
  2 giant cockroaches (D:2)
  A hobgoblin (D:2)
  A jackal (D:2)
  A kobold (D:1)
  A quokka (D:2)
  5 bats
  10 frilled lizards
  2 goblins (D:1)
  2 rats (D:1)
38 creatures vanquished.

Notes
Turn   | Place    | Note
-------+----------+-------------------------------------------
     0 | D:1      | booth the Barachi Warper began the quest for the Orb.
     0 | D:1      | Reached XP level 1. HP: 17/17 MP: 3/3
   154 | D:1      | Found Ycwiotrirai's Distillery.
   391 | D:1      | Reached XP level 2. HP: 20/23 MP: 5/5
   401 | D:1      | Learned a level 2 spell: Blink
   404 | D:1      | Learned a level 2 spell: Lesser Beckoning
  1037 | D:2      | Reached XP level 3. HP: 28/28 MP: 6/6
  1298 | D:2      | Learned a level 2 spell: Searing Ray
  1466 | D:2      | Noticed Jessica
  1474 | D:2      | Killed from afar by Jessica

Illustrated notes

Levels and vault maps discovered:
D:1:      onia_arrival_mini_spirals, layout_loops_ring, serial_shops,
          nicolae_shop_industrial_runoff, minmay_lizard_pond
D:2:      minmay_angry_zag, layout_loops_ring, basic_altar, uniq_robin,
          uniq_jessica

Action                     || total
---------------------------++-------
  Melee: Falchion          ||    81
  Throw: Boomerang         ||    11
   Cast: Lesser Beckoning  ||     1
Ability: Hop               ||     2
    Use: Scroll            ||     5
         Potion            ||     2
 Armour: Leather armour    ||    28
  Dodge: Dodged            ||    34
